[Event "CZE-ch Women 2019"]
[Site "Prague"]
[Date "2019.06.19"]
[Round "5.3"]
[White "Rodshtein, Tereza"]
[Black "Laurincova, Kristyna"]
[Result "1/2-1/2"]
[ECO "B77"]
[WhiteElo "2213"]
[BlackElo "1984"]
[Annotator "NA"]
[PlyCount "104"]
[EventDate "2019.06.15"]
[EventType "tourn"]
[EventCountry "CZE"]
[SourceTitle "playchess.com"]
[Source "ChessBase"]
[SourceQuality "1"]
[TimeControl "40/5400+30:1800+30"]

1. e4 c5 2. Nf3 d6 3. d4 cxd4 4. Nxd4 Nf6 5. Nc3 g6 6. Be3 Bg7 7. Bc4 O-O 8. f3 Nc6 9. Qd2 Nd7 10. O-O-O Nb6 11. Be2 Ne5 12. b3 a6 13. h4 d5 14. Bh6 Bxh6 15. Qxh6 f6 16. exd5 Nxd5 17. Nxd5 Qxd5 18. Qe3 Qc5 19. h5 g5 20. Qe4 Kh8 21. Kb1 f5 22. Qe3 Nc6 23. g4 fxg4 24. fxg4 Rf4 25. c3 Bxg4 26. Bxg4 Rxg4 27. b4 Qc4 28. Nxc6 Qxc6 29. Qxe7 Re8 30. Qd7 Qe4+ 31. Qd3 h6 32. Qxe4 Rgxe4 33. Rd6 R4e6 34. Rd7 R8e7 35. Rd8+ Kg7 36. Kc2 Re5 37. a4 g4 38. Rg1 Rg5 39. Kb3 Kf6 40. Rd6+ Kg7 41. Rd4 g3 42. Rd3 g2 43. Rd2 Rxh5 44. Rdxg2+ Kf6 45. Rg6+ Kf5 46. Rb6 Rh3 47. Rf1+ Kg5 48. Rg1+ Kf5 49. a5 Rc7 50. Rf1+ Kg5 51. Rg1+ Kf4 52. Rf1+ Ke5 1/2-1/2

[Event "CZE-ch Women 2019"]
[Site "Prague"]
[Date "2019.06.19"]
[Round "5.4"]
[White "Pychova, Nela"]
[Black "Kanakova, Natalie"]
[Result "1/2-1/2"]
[ECO "A04"]
[WhiteElo "2174"]
[BlackElo "2201"]
[Annotator "NA"]
[PlyCount "96"]
[EventDate "2019.06.15"]
[EventType "tourn"]
[EventCountry "CZE"]
[SourceTitle "playchess.com"]
[Source "ChessBase"]
[SourceQuality "1"]
[TimeControl "40/5400+30:1800+30"]

1. Nf3 c5 2. c4 Nc6 3. Nc3 e5 4. g3 g6 5. Bg2 Bg7 6. O-O d6 7. a3 a5 8. Ne1 Be6 9. Nd5 Nge7 10. Qa4 O-O 11. Nxe7+ Qxe7 12. Nc2 f5 13. Ne3 Nd4 14. Qd1 f4 15. Nd5 Qg5 16. d3 Qh5 17. f3 g5 18. Nc7 Rac8 19. Nxe6 Nxe6 20. e3 Rb8 21. b4 axb4 22. axb4 cxb4 23. Rb1 Nc5 24. Rxb4 Qg6 25. e4 Qe6 26. Bb2 Ra8 27. Qe2 Ra2 28. Ra1 Rfa8 29. Rxa2 Rxa2 30. Qf1 h5 31. Qb1 Ra6 32. Qd1 Kf7 33. Bf1 Bf6 34. Rb5 Qc8 35. Qc1 Ne6 36. Bc3 b6 37. Qb2 Qc6 38. Qg2 Ra3 39. Bb2 Ra5 40. Rb3 Nc5 41. Ra3 Rxa3 42. Bxa3 Qa4 43. Bxc5 bxc5 44. Qh3 h4 45. gxh4 gxh4 46. Qf5 Qd1 47. Qd7+ Be7 48. Qf5+ Bf6 1/2-1/2

[Event "CZE-ch Women 2019"]
[Site "Prague"]
[Date "2019.06.19"]
[Round "5.5"]
[White "Miturova, Magdalena"]
[Black "Petrova, Kristyna"]
[Result "1-0"]
[ECO "A05"]
[WhiteElo "2220"]
[BlackElo "2259"]
[Annotator "NA"]
[PlyCount "115"]
[EventDate "2019.06.15"]
[EventType "tourn"]
[EventCountry "CZE"]
[SourceTitle "playchess.com"]
[Source "ChessBase"]
[SourceQuality "1"]
[TimeControl "40/5400+30:1800+30"]

1. Nf3 Nf6 2. g3 d5 3. Bg2 g6 4. d4 Bg7 5. O-O O-O 6. b3 c5 7. e3 Nc6 8. Bb2 cxd4 9. Nxd4 Nxd4 10. Bxd4 Qd6 11. Bb2 Rd8 12. Na3 Bg4 13. f3 Be6 14. Qe2 Ne8 15. Nb5 Qa6 16. Bxg7 Nxg7 17. g4 Bd7 18. a4 Qb6 19. Rad1 a6 20. Nc3 Bc6 21. Qf2 Qb4 22. Rd3 h5 23. h3 Rd6 24. Ne2 Rc8 25. Rfd1 hxg4 26. hxg4 b5 27. a5 Qxa5 28. Qh4 Qd8 29. Kf2 e5 30. Qh2 f6 31. Rh1 Kf7 32. f4 d4 33. e4 Qe8 34. f5 g5 35. Qh6 Qg8 36. Qg6+ Kf8 37. Rh7 Rc7 38. Qh6 Qf7 39. Ng3 Be8 40. Nh5 Rxc2+ 41. Kg3 Rc7 42. Nxg7 Qxg7 43. Rxg7 Rxg7 44. Rd1 Rc6 45. Bf3 Bf7 46. b4 Bg8 47. Qh2 Rh7 48. Qg1 Rc2 49. Ra1 Rc6 50. Ra3 Rhc7 51. Qh1 Kg7 52. Ra1 Bf7 53. Qh3 Bg8 54. Rh1 Kf8 55. Qh8 Rg7 56. Rh6 Rd6 57. Bd1 Rc6 58. Kf2 1-0

[Event "CZE-ch Women 2019"]
[Site "Prague"]
[Date "2019.06.20"]
[Round "6.1"]
[White "Novosadova, Kristyna"]
[Black "Petrova, Kristyna"]
[Result "0-1"]
[ECO "D37"]
[WhiteElo "2209"]
[BlackElo "2259"]
[Annotator "NA"]
[PlyCount "54"]
[EventDate "2019.06.15"]
[EventType "tourn"]
[EventCountry "CZE"]
[SourceTitle "playchess.com"]
[Source "ChessBase"]
[SourceQuality "1"]
[TimeControl "40/5400+30:1800+30"]

1. d4 Nf6 2. c4 e6 3. Nf3 d5 4. Nc3 Be7 5. g4 Ne4 6. Rg1 c5 7. cxd5 exd5 8. Qa4+ Nc6 9. Ne5 O-O 10. Nxc6 bxc6 $17 11. Nxe4 dxe4 12. Bg2 cxd4 13. Bxe4 Rb8 14. Qc2 g6 15. Bf4 Bd6 16. Bg3 c5 17. Bxd6 Qxd6 18. Rg3 Re8 19. Kf1 c4 20. Kg1 Qe5 21. Bf3 Ba6 22. Qa4 Re6 23. Qa3 d3 24. exd3 cxd3 25. Rd1 d2 26. Qe3 Qxb2 27. Qxa7 Re1+ 0-1

[Event "CZE-ch Women 2019"]
[Site "Prague"]
[Date "2019.06.20"]
[Round "6.2"]
[White "Kanakova, Natalie"]
[Black "Miturova, Magdalena"]
[Result "0-1"]
[ECO "C05"]
[WhiteElo "2201"]
[BlackElo "2220"]
[Annotator "NA"]
[PlyCount "106"]
[EventDate "2019.06.15"]
[EventType "tourn"]
[EventCountry "CZE"]
[SourceTitle "playchess.com"]
[Source "ChessBase"]
[SourceQuality "1"]
[TimeControl "40/5400+30:1800+30"]

1. e4 e6 2. d4 d5 3. Nd2 Nf6 4. Bd3 c5 5. c3 Nc6 6. Ngf3 cxd4 7. cxd4 Bb4 8. e5 Nd7 9. O-O f5 10. exf6 $16 Qxf6 11. Nb3 h6 12. Bc2 Bd6 13. a3 O-O 14. Qd3 Rd8 15. Bd2 Nf8 16. Rae1 a5 17. Bc3 Ne7 18. Bxa5 b6 19. Bxb6 Ba6 20. Qxa6 Rxa6 21. Bxd8 Rc6 22. Rc1 g6 23. Bd3 Rxc1 24. Rxc1 Qf4 25. Nbd2 g5 26. g3 Qg4 27. Bc7 Bxc7 28. Rxc7 Nf5 29. Kg2 Nh4+ 30. Nxh4 gxh4 31. h3 Qxd4 32. Rc3 hxg3 33. fxg3 e5 34. Nf1 Qb6 35. b4 e4 36. Be2 d4 37. Rc5 Kg7 38. Re5 d3 39. Bg4 Qd4 40. Re7+ Kf6 41. Re8 Ng6 42. Re6+ Kf7 43. Rc6 Ne5 44. Bh5+ Kg7 45. Rc7+ Kf6 46. Rc8 e3 47. Rf8+ Kg7 48. Rf4 Qb2+ 49. Kg1 e2 50. Re4 exf1=Q+ 51. Kxf1 d2 52. Re3 Qd4 53. Kf2 Nc4 0-1

[Event "CZE-ch Women 2019"]
[Site "Prague"]
[Date "2019.06.20"]
[Round "6.3"]
[White "Laurincova, Kristyna"]
[Black "Pychova, Nela"]
[Result "1-0"]
[ECO "B46"]
[WhiteElo "1984"]
[BlackElo "2174"]
[Annotator "NA"]
[PlyCount "111"]
[EventDate "2019.06.15"]
[EventType "tourn"]
[EventCountry "CZE"]
[SourceTitle "playchess.com"]
[Source "ChessBase"]
[SourceQuality "1"]
[TimeControl "40/5400+30:1800+30"]

1. e4 c5 2. Nf3 Nc6 3. d4 cxd4 4. Nxd4 e6 5. Nc3 a6 6. Be3 Nge7 7. Be2 Nxd4 8. Qxd4 b5 9. O-O Nc6 10. Qd2 Be7 11. f4 O-O 12. Rad1 d6 13. Qe1 Qc7 14. Qg3 Kh8 15. f5 Ne5 16. Bd4 Bf6 17. Qf4 Bd7 18. g4 h6 19. Qd2 b4 20. Nb1 Qb7 21. fxe6 fxe6 22. Rxf6 Rxf6 23. Bxe5 dxe5 24. Qxd7 Qb6+ 25. Kh1 Qf2 26. Qd3 Rff8 27. Rf1 Qh4 28. Qg3 Qg5 29. Qe1 Rxf1+ 30. Qxf1 Rd8 31. h3 Kg8 32. Bc4 Qg6 33. Qe2 Rd4 34. Bd3 Qg5 35. Nd2 Qf4 36. Kg2 Rd8 37. Qf2 Qg5 38. Nf3 Qf4 39. Qd2 a5 40. Qxf4 exf4 41. Ne5 g5 42. Nc6 Ra8 43. Bc4 Kf7 44. Nd4 Kf6 45. Bxe6 Ke5 46. Bd5 Ra6 47. Nf3+ Kd6 48. h4 gxh4 49. Nxh4 Ke5 50. Nf3+ Kd6 51. Nd4 a4 52. Kf3 a3 53. bxa3 Rxa3+ 54. Bb3 Ra8 55. Nf5+ Ke5 56. Nxh6 1-0

[Event "CZE-ch Women 2019"]
[Site "Prague"]
[Date "2019.06.20"]
[Round "6.4"]
[White "Kulovana, Eva"]
[Black "Rodshtein, Tereza"]
[Result "1-0"]
[ECO "D10"]
[WhiteElo "2208"]
[BlackElo "2213"]
[Annotator "NA"]
[PlyCount "87"]
[EventDate "2019.06.15"]
[EventType "tourn"]
[EventCountry "CZE"]
[SourceTitle "playchess.com"]
[Source "ChessBase"]
[SourceQuality "1"]
[TimeControl "40/5400+30:1800+30"]

1. d4 d5 2. c4 c6 3. cxd5 cxd5 4. Nc3 Nf6 5. Bf4 Nc6 6. e3 Bf5 7. Bd3 Bxd3 8. Qxd3 e6 9. Rc1 Bd6 10. Bxd6 Qxd6 11. Nf3 O-O 12. O-O Rac8 13. a3 a6 14. Rc2 Rc7 15. Rfc1 Rfc8 16. Na4 $11 Na5 17. Nc5 Nd7 18. Nxd7 Qxd7 19. Ne5 Qd6 20. b4 f6 21. f4 Rxc2 22. Rxc2 Rxc2 23. Qxc2 Nc4 24. Nd3 a5 25. Qa4 Kf7 26. bxa5 Nxe3 27. Qb4 Qa6 28. Qb3 Qxa5 29. Qxb7+ Kg6 30. Qb2 Nc4 31. Qc2 Kf7 32. a4 Ke7 33. h3 f5 34. Kh2 Nd6 35. Ne5 Kf6 36. Nc6 Qc7 37. Qc5 Nc8 38. Qf8+ Kg6 39. Qe8+ Kf6 40. Qf8+ Kg6 41. Ne5+ Kh6 42. Qe8 Ne7 43. Nf7+ Kg6 44. Ng5+ 1-0

[Event "CZE-ch Women 2019"]
[Site "Prague"]
[Date "2019.06.20"]
[Round "6.5"]
[White "Olsarova, Karolina"]
[Black "Sikorova, Olga"]
[Result "1/2-1/2"]
[ECO "C07"]
[WhiteElo "2260"]
[BlackElo "2248"]
[Annotator "NA"]
[PlyCount "126"]
[EventDate "2019.06.15"]
[EventType "tourn"]
[EventCountry "CZE"]
[SourceTitle "playchess.com"]
[Source "ChessBase"]
[SourceQuality "1"]
[TimeControl "40/5400+30:1800+30"]

1. e4 e6 2. d4 d5 3. Nd2 c5 4. exd5 Qxd5 5. Ngf3 cxd4 6. Bc4 Qd6 7. O-O Nf6 8. Nb3 Nc6 9. Nbxd4 Nxd4 10. Nxd4 a6 11. Re1 Qc7 12. Bf1 Bd6 13. Nf5 Bxh2+ 14. Kh1 O-O 15. Nxg7 Kxg7 {[%emt 0:09:42] [#]} 16. Qd4 $1 e5 17. Qh4 $14 Ng4 18. Bh6+ Nxh6 19. Qg5+ Kh8 20. Qxh6 Qe7 21. Bd3 f6 22. Kxh2 Bd7 23. Re3 Rg8 24. Be4 Rg7 25. Rd1 Rag8 26. Rxd7 Qxd7 27. Qxf6 Qe7 28. Qh6 Rg4 29. g3 Qg7 30. Qe6 Rg5 31. Rd3 Rh5+ 32. Kg2 Rh6 33. Qd5 b6 34. Rf3 Rf6 35. Qxe5 Rxf3 36. Qxg7+ Kxg7 37. Kxf3 h6 38. Ke3 Kf6 39. Bb7 a5 40. Kd4 Rg7 41. Be4 Rd7+ 42. Bd5 Re7 43. f3 h5 44. f4 Rg7 45. Bf3 Rxg3 46. Bxh5 Rg2 47. Kc3 Kf5 48. a4 Kxf4 49. Be8 Ke5 50. Bc6 Rg4 51. b3 Kd6 52. Bb5 Kc5 53. Bd3 Rg3 54. Kb2 Kd4 55. Bb5 Rg7 56. Bd3 Rc7 57. Bb5 Ke3 58. Bd3 Kd2 59. Be4 Rc8 60. Bf5 Rc5 61. Bd3 Rc3 62. Be4 Re3 63. Bd3 Re5 1/2-1/2

[Event "CZE-ch Women 2019"]
[Site "Prague"]
[Date "2019.06.21"]
[Round "7.1"]
[White "Sikorova, Olga"]
[Black "Novosadova, Kristyna"]
[Result "1-0"]
[ECO "A04"]
[WhiteElo "2248"]
[BlackElo "2209"]
[Annotator "NA"]
[PlyCount "161"]
[EventDate "2019.06.15"]
[EventType "tourn"]
[EventCountry "CZE"]
[SourceTitle "playchess.com"]
[Source "ChessBase"]
[SourceQuality "1"]
[TimeControl "40/5400+30:1800+30"]

1. Nf3 g6 2. g3 Bg7 3. Bg2 e5 4. d3 d6 5. O-O Nc6 6. c3 f5 7. b4 Nf6 8. b5 Ne7 9. Qb3 h6 10. a4 Rb8 11. a5 Nd7 $14 12. Ba3 Nf8 13. b6 axb6 14. axb6 c5 15. Nbd2 Be6 16. Nc4 g5 17. Qb5+ Kf7 18. Nfd2 Kg6 19. Bb2 d5 20. Na5 Nd7 21. Ndb3 h5 22. Nxc5 Nxc5 23. Qxc5 h4 24. Qc7 hxg3 25. hxg3 f4 26. Qxd8 Rhxd8 27. c4 dxc4 28. Nxc4 Bxc4 29. dxc4 Rd2 30. Bc3 Rxe2 31. Bf3 e4 32. Bxe2 Bxc3 33. Ra3 Bd4 34. Bd1 Nf5 35. g4 Nd6 36. Bc2 Bxb6 37. Rd1 Rd8 38. Rb3 Bc5 39. Rd5 Rc8 40. Rb1 Kf6 41. Rbd1 Nxc4 42. Bxe4 Ne5 43. Kg2 b6 44. Rh1 Re8 45. Rh6+ Kg7 46. Rh7+ Kf6 47. Bf5 Nf7 48. Rd7 Re7 49. Rxe7 Bxe7 50. Bc2 Bf8 51. Bb3 Ne5 52. Rb7 Bc5 53. f3 Be3 54. Bd5 Bc5 55. Kf1 Be3 56. Ke2 Bc5 57. Kd2 Bd4 58. Kc2 Bc5 59. Kb3 Be3 60. Ka4 Bc5 61. Kb5 Be3 62. Rh7 Bd4 63. Ka6 Kg6 64. Re7 Kf6 65. Re6+ Kg7 66. Kb7 b5 67. Kc7 b4 68. Kd6 Nf7+ 69. Ke7 Bc5+ 70. Kd7 Bf8 71. Be4 Kg8 72. Rg6+ Bg7 73. Bd5 Kf8 74. Bxf7 Kxf7 75. Rxg5 b3 76. Rf5+ Kg6 77. Rb5 b2 78. Ke6 Bh8 79. Kd5 Kg5 80. Ke4+ Kh4 81. Kxf4 1-0

[Event "CZE-ch Women 2019"]
[Site "Prague"]
[Date "2019.06.21"]
[Round "7.3"]
[White "Pychova, Nela"]
[Black "Kulovana, Eva"]
[Result "1/2-1/2"]
[ECO "A06"]
[WhiteElo "2174"]
[BlackElo "2208"]
[Annotator "NA"]
[PlyCount "117"]
[EventDate "2019.06.15"]
[EventType "tourn"]
[EventCountry "CZE"]
[SourceTitle "playchess.com"]
[Source "ChessBase"]
[SourceQuality "1"]
[TimeControl "40/5400+30:1800+30"]

1. Nf3 d5 2. g3 Nf6 3. Bg2 Bf5 4. O-O e6 5. c4 Nc6 6. cxd5 exd5 7. d3 h6 8. a3 Be7 9. b4 a6 10. Bb2 O-O 11. Nbd2 $11 Bh7 12. Re1 a5 13. b5 Na7 14. Qb3 c6 15. bxc6 bxc6 16. Rac1 Rb8 17. Qa2 Nd7 18. Bh3 a4 19. Bd4 Nb5 20. Nb1 c5 21. Bxd7 Nxd4 22. Qxd5 Nxf3+ 23. exf3 Rb6 24. Bc6 Bxd3 25. Qxd8 Bxd8 26. Bxa4 Rb2 27. Nc3 c4 28. Nd5 Ba5 29. Nb4 Bxb4 30. axb4 Rxb4 31. Bc2 Rb2 32. Bxd3 cxd3 33. Rcd1 Rd8 34. Re3 d2 35. Kf1 g5 36. Ke2 Kg7 37. Rd3 Re8+ 38. Kf1 Re6 39. R3xd2 Rb3 40. Kg2 Rf6 41. Rd3 Rb2 42. Rd6 Rxd6 43. Rxd6 Rb4 44. Rd8 Ra4 45. Re8 f5 46. Re6 Rb4 47. h3 Ra4 48. f4 gxf4 49. g4 fxg4 50. hxg4 Ra5 51. Kf3 h5 52. gxh5 Rxh5 53. Kxf4 Kf7 54. Ra6 Rb5 55. Kg4 Rc5 56. f4 Rb5 57. f5 Rb1 58. Kg5 Rg1+ 59. Kf4 1/2-1/2

[Event "CZE-ch Women 2019"]
[Site "Prague"]
[Date "2019.06.21"]
[Round "7.4"]
[White "Miturova, Magdalena"]
[Black "Laurincova, Kristyna"]
[Result "1-0"]
[ECO "A05"]
[WhiteElo "2220"]
[BlackElo "1984"]
[Annotator "NA"]
[PlyCount "95"]
[EventDate "2019.06.15"]
[EventType "tourn"]
[EventCountry "CZE"]
[SourceTitle "playchess.com"]
[Source "ChessBase"]
[SourceQuality "1"]
[TimeControl "40/5400+30:1800+30"]

1. Nf3 Nf6 2. g3 g6 3. b3 Bg7 4. Bb2 O-O 5. Bg2 c5 6. c4 Nc6 7. O-O d6 8. d4 cxd4 9. Nxd4 Bd7 10. e3 Rb8 $14 11. Nc3 Nxd4 12. Qxd4 Qa5 (12... Bc6 $11 {keeps the balance.}) 13. Rfd1 Ng4 14. Qd2 Qh5 15. h3 Ne5 16. g4 Qh4 17. f4 Nc6 18. Qf2 Qxf2+ 19. Kxf2 Rfd8 20. Rd2 b5 21. Nxb5 Bxb2 22. Rxb2 Nb4 23. Bf1 Bxb5 24. cxb5 Rdc8 25. a3 Nd5 26. Bc4 Nc3 27. a4 d5 28. Bd3 Ne4+ 29. Kf3 Rc3 30. Bxe4 dxe4+ 31. Kxe4 Rd8 32. Re1 Rdd3 33. b4 e6 34. Ree2 f5+ 35. gxf5 exf5+ 36. Kf3 Kf7 37. Rbd2 Ke6 38. Rxd3 Rxd3 39. Rc2 Kd7 40. Rc6 Rb3 41. Ra6 Rxb4 42. Rxa7+ Kc8 43. h4 Kb8 44. Rxh7 Rxa4 45. Rg7 Rb4 46. Rxg6 Rxb5 47. h5 Kc7 48. Rf6 1-0

[Event "CZE-ch Women 2019"]
[Site "Prague"]
[Date "2019.06.21"]
[Round "7.5"]
[White "Petrova, Kristyna"]
[Black "Kanakova, Natalie"]
[Result "1-0"]
[ECO "D05"]
[WhiteElo "2259"]
[BlackElo "2201"]
[Annotator "NA"]
[PlyCount "133"]
[EventDate "2019.06.15"]
[EventType "tourn"]
[EventCountry "CZE"]
[SourceTitle "playchess.com"]
[Source "ChessBase"]
[SourceQuality "1"]
[TimeControl "40/5400+30:1800+30"]

1. Nf3 d5 2. d4 Nf6 3. e3 e6 4. Bd3 c5 5. b3 Nc6 6. O-O Bd6 7. Bb2 b6 8. Nbd2 Bb7 9. a3 O-O 10. Ne5 Ne7 11. Qf3 $11 Rc8 12. Qh3 h6 13. Ng4 Nxg4 14. Qxg4 f5 15. Qe2 Qc7 16. f4 Kh7 17. c4 cxd4 18. Bxd4 e5 19. fxe5 Bxe5 20. Bxe5 Qxe5 21. Nf3 Qd6 22. Nd4 Qe5 23. Nf3 Qd6 24. Nd4 g6 25. Nb5 Qb8 26. Qf2 a6 27. Nd4 Qe5 28. a4 dxc4 29. bxc4 Ng8 30. Rab1 Be4 31. Bxe4 Qxe4 32. Rxb6 Rxc4 33. Rxa6 Qb7 34. Ra5 Nf6 35. Qf4 Re8 36. Qd6 Ne4 37. Qa6 Qf7 38. Rb5 Re7 39. a5 Nc5 40. Qd6 Ne4 41. Qd8 Rd7 42. Qb8 Nd6 43. Re5 Rc8 44. Qb3 Qxb3 45. Nxb3 Nc4 46. Rc1 Rb8 47. Rxc4 Rxb3 48. h4 h5 49. Rd4 Rc7 50. Re6 Rb1+ 51. Kh2 Ra1 52. a6 Ra2 53. Rdd6 Rc4 54. Kh3 Raa4 55. Rd7+ Kh6 56. g3 Rc8 57. Ree7 Rh8 58. a7 Re4 59. Rxe4 fxe4 60. g4 hxg4+ 61. Kxg4 Rf8 62. Rb7 Ra8 63. Re7 g5 64. hxg5+ Kg6 65. Re6+ Kf7 66. Ra6 Kg7 67. Kf5 1-0

[Event "CZE-ch Women 2019"]
[Site "Prague"]
[Date "2019.06.23"]
[Round "9.1"]
[White "Rodshtein, Tereza"]
[Black "Novosadova, Kristyna"]
[Result "1-0"]
[ECO "B59"]
[WhiteElo "2213"]
[BlackElo "2209"]
[Annotator "ChessBase"]
[PlyCount "87"]
[EventDate "2019.06.15"]
[EventType "tourn"]
[EventCountry "CZE"]
[SourceTitle "playchess.com"]
[Source "ChessBase"]
[SourceQuality "1"]
[TimeControl "40/5400+30:1800+30"]

1. e4 c5 2. Nf3 Nc6 3. d4 cxd4 4. Nxd4 Nf6 5. Nc3 d6 6. Be2 e5 7. Nb3 Be7 8. Bg5 Be6 9. O-O O-O 10. Qd2 a5 11. a4 Nb4 12. Rfd1 d5 13. exd5 Nfxd5 14. Bxe7 Qxe7 15. Nxd5 Bxd5 16. Rac1 Bc6 17. Bb5 Bxb5 18. axb5 a4 19. Na1 Rfd8 20. Qe2 Nd5 21. Re1 f6 22. g3 Qc5 23. c3 Nc7 24. c4 Ne6 25. Nc2 Rac8 26. Ne3 Nd4 27. Qg4 g6 28. Qe4 f5 29. Qxb7 Rb8 30. Qg2 f4 31. gxf4 exf4 32. Nd5 f3 33. Qg5 Rxd5 34. cxd5 Ne2+ 35. Rxe2 fxe2 36. Rxc5 e1=Q+ 37. Kg2 Qe4+ 38. Kg3 Rf8 39. Qe3 Qh1 40. f4 h5 41. h3 Qf1 42. Rc7 h4+ 43. Kh2 Rxf4 44. Qe8+ 1-0

[Event "CZE-ch Women 2019"]
[Site "Prague"]
[Date "2019.06.23"]
[Round "9.2"]
[White "Pychova, Nela"]
[Black "Sikorova, Olga"]
[Result "1/2-1/2"]
[ECO "A05"]
[WhiteElo "2174"]
[BlackElo "2248"]
[Annotator "ChessBase"]
[PlyCount "88"]
[EventDate "2019.06.15"]
[EventType "tourn"]
[EventCountry "CZE"]
[SourceTitle "playchess.com"]
[Source "ChessBase"]
[SourceQuality "1"]
[TimeControl "40/5400+30:1800+30"]

1. Nf3 Nf6 2. g3 g6 3. Bg2 Bg7 4. O-O O-O 5. c4 d6 6. Nc3 Nc6 7. Rb1 a5 8. a3 e5 9. d3 Re8 10. b4 axb4 11. axb4 e4 12. dxe4 Nxe4 13. Nxe4 Rxe4 14. b5 Na5 15. Nd2 Re8 16. Bb2 Bf5 17. e4 Be6 18. Bxg7 Kxg7 19. Qc2 Qf6 20. c5 Red8 21. cxd6 Rxd6 22. Nf3 Rd7 23. Ra1 b6 24. e5 Qe7 25. Nd4 Bd5 26. Bh3 Rdd8 27. e6 f6 28. Rfe1 Rd6 29. Qe2 Re8 30. Qg4 Kh8 31. Qh4 Ba8 32. Ne2 f5 33. Qxe7 Rxe7 34. Nf4 Kg7 35. Rad1 Nc4 36. Bg2 Bxg2 37. Kxg2 Rxd1 38. Rxd1 Na3 39. Rd7 Kf8 40. Nd5 Rxe6 41. Nxc7 Re7 42. Rxe7 Kxe7 43. Nd5+ Kd6 44. Nxb6 Nxb5 1/2-1/2

[Event "CZE-ch Women 2019"]
[Site "Prague"]
[Date "2019.06.23"]
[Round "9.3"]
[White "Miturova, Magdalena"]
[Black "Olsarova, Karolina"]
[Result "0-1"]
[ECO "A05"]
[WhiteElo "2220"]
[BlackElo "2260"]
[Annotator "ChessBase"]
[PlyCount "74"]
[EventDate "2019.06.15"]
[EventType "tourn"]
[EventCountry "CZE"]
[SourceTitle "playchess.com"]
[Source "ChessBase"]
[SourceQuality "1"]
[TimeControl "40/5400+30:1800+30"]

1. Nf3 Nf6 2. g3 d5 3. Bg2 Bg4 4. d4 e6 5. O-O Nbd7 6. Nbd2 Be7 7. Re1 O-O 8. e4 dxe4 9. Nxe4 c5 10. dxc5 Nxc5 11. Nxf6+ Bxf6 12. Qe2 Rc8 13. Rd1 Qa5 14. h3 Bh5 15. a4 Rfd8 16. Rxd8+ Qxd8 17. a5 Bg6 18. h4 h6 19. Kh2 Bf5 20. Ra3 Nd3 21. cxd3 Rxc1 22. Rb3 Qd5 23. Nd2 Qxa5 24. Nc4 Qe1 25. Qxe1 Rxe1 26. Ne3 b6 27. g4 Bh7 28. Kg3 Rb1 29. Nc4 Rd1 30. Be4 Bxe4 31. dxe4 Rd4 32. Na3 Rxe4 33. Nb5 a6 34. Nc3 Bxc3 35. bxc3 b5 36. Kf3 Rc4 37. Ra3 Ra4 0-1

[Event "CZE-ch Women 2019"]
[Site "Prague"]
[Date "2019.06.23"]
[Round "9.4"]
[White "Petrova, Kristyna"]
[Black "Kulovana, Eva"]
[Result "1/2-1/2"]
[ECO "B18"]
[WhiteElo "2259"]
[BlackElo "2208"]
[Annotator "ChessBase"]
[PlyCount "123"]
[EventDate "2019.06.15"]
[EventType "tourn"]
[EventCountry "CZE"]
[SourceTitle "playchess.com"]
[Source "ChessBase"]
[SourceQuality "1"]
[TimeControl "40/5400+30:1800+30"]

1. e4 c6 2. d4 d5 3. Nc3 dxe4 4. Nxe4 Bf5 5. Ng3 Bg6 6. N1e2 e6 7. Nf4 Bd6 8. h4 Qc7 9. Nxg6 hxg6 10. Ne4 Bf4 11. Bxf4 Qxf4 12. Ng5 Nd7 13. g3 Qc7 14. Bg2 Ndf6 15. Qd3 O-O-O 16. O-O-O Nh6 17. Qe2 Kb8 18. Nf3 Nf5 19. c3 Nd7 20. Rhe1 c5 21. Kb1 c4 22. Ne5 Nb6 23. Ng4 Rd6 24. Ne3 Nxe3 25. Qxe3 Rh5 26. Kc1 Ra5 27. a3 Rb5 28. Rd2 Na4 29. Ree2 Rdb6 30. Rc2 Qd6 31. Qf4 Qxf4+ 32. gxf4 Rh5 33. Re5 Rb5 34. Rce2 Rbxe5 35. fxe5 Rxh4 36. Kc2 Rh2 37. Bf3 Nb6 38. b3 cxb3+ 39. Kxb3 Nd5 40. Bxd5 exd5 41. e6 fxe6 42. Rxe6 Rxf2 43. Rxg6 Rf7 44. Rd6 Rf5 45. Rg6 Rf7 46. Rd6 g5 47. Rg6 Rf5 48. Rg7 a6 49. Kb4 b6 50. a4 Kc8 51. a5 bxa5+ 52. Kxa5 Kd8 53. Kxa6 Ke8 54. Kb5 Kf8 55. Rh7 g4 56. Rh1 Ke7 57. c4 dxc4+ 58. Kxc4 Ke6 59. d5+ Ke5 60. Re1+ Kf6 61. d6 Rf2 62. Kd4 1/2-1/2

[Event "CZE-ch Women 2019"]
[Site "Prague"]
[Date "2019.06.23"]
[Round "9.5"]
[White "Kanakova, Natalie"]
[Black "Laurincova, Kristyna"]
[Result "1-0"]
[ECO "A05"]
[WhiteElo "2201"]
[BlackElo "1984"]
[Annotator "ChessBase"]
[PlyCount "47"]
[EventDate "2019.06.15"]
[EventType "tourn"]
[EventCountry "CZE"]
[SourceTitle "playchess.com"]
[Source "ChessBase"]
[SourceQuality "1"]
[TimeControl "40/5400+30:1800+30"]

1. Nf3 Nf6 2. g3 g6 3. b3 Bg7 4. Bb2 O-O 5. Bg2 c5 6. c4 d5 7. cxd5 Nxd5 8. Bxg7 Kxg7 9. O-O Nc6 10. Qc2 b6 11. Nc3 Bb7 12. Qb2 Kg8 13. Rac1 Rb8 14. h4 e5 15. d3 Re8 16. Nxd5 Qxd5 17. Ng5 Qd8 18. Qd2 Nd4 19. Rfe1 e4 20. Qf4 f6 21. Nxe4 f5 22. Nd6 Rxe2 23. Nxb7 Qe8 24. Kf1 1-0